 Dungeon Crawl Stone Soup version 0.19.1-1-g22dce08 (webtiles) character file.

2745 galech the Ruffian (level 9, -3/88 HPs)
             Began as a Troll Monk on Dec 31, 2016.
             Was an Elder of Okawaru.
             Killed from afar by an electric eel (9 damage)
             ... with a bolt of electricity
             ... on level 7 of the Dungeon.
             The game lasted 00:19:28 (6053 turns).

galech the Ruffian (Troll Monk)                     Turns: 6053, Time: 00:19:30

Health: -3/88      AC:  5    Str: 24    XL:     9   Next: 41%
Magic:  8/8        EV: 11    Int:  6    God:    Okawaru [****..]
Gold:   209        SH: 10    Dex: 12    Spells: 0 memorised, 8 levels left

rFire  . . .     SeeInvis .       - Unarmed
rCold  . . .     Gourm    +     a - +0 robe
rNeg   . . .     Faith    +     m - +0 shield
rPois  +         Spirit   .     (helmet restricted)
rElec  .         Reflect  .     (no cloak)
rCorr  .         Harm     .     (gloves unavailable)
MR     .....                    (boots unavailable)
Stlth  ++........               g - amulet of faith
                                F - ring of poison resistance
                                (no ring)

@: no status effects
A: unfitting armour, claws 3, fast metabolism 3, gourmand, regeneration 1,
shaggy fur 1, tough skin 2
a: Heroism, Renounce Religion


You were on level 7 of the Dungeon.
You worshipped Okawaru.
Okawaru was greatly pleased with you.
You were completely stuffed.

You visited 2 branches of the dungeon, and saw 8 of its levels.
You also visited: Sewer.

You collected 304 gold pieces.
You spent 95 gold pieces at shops.

Inventory:

Armour
 a - a +0 robe (worn)
 m - a +0 shield (worn)
Jewellery
 g - an amulet of faith (around neck)
 F - a ring of poison resistance (right claw)
Wands
 q - a wand of flame (13/48)
 y - a wand of paralysis (8/24)
 C - a wand of random effects (27/48)
Scrolls
 c - 2 scrolls of fear
 d - 2 scrolls of enchant armour
 h - a scroll of recharging
 k - 3 scrolls of blinking
 l - 4 scrolls of teleportation
 p - a scroll of random uselessness {unknown}
 s - a scroll of amnesia
 u - 7 scrolls of remove curse
 E - 2 scrolls of fog
 H - 2 scrolls of identify
Potions
 f - a potion of magic
 i - 6 potions of curing {unknown}
 j - 10 potions of might {unknown}
 n - 2 potions of degeneration {unknown}
 o - 4 potions of brilliance {unknown}
 r - a potion of berserk rage {unknown}
 t - a potion of flight {unknown}
 v - 2 potions of cancellation {unknown}
 x - a potion of cure mutation {unknown}
 z - a potion of agility {unknown}
 D - a potion of haste {unknown}
Books
 I - a book of Callings

   Spells                             Type                      Level
   a - Summon Small Mammal            Summoning                    1
   b - Call Imp                       Summoning                    2
   c - Call Canine Familiar           Summoning                    3
   d - Summon Guardian Golem          Hexes/Summoning              3
   e - Summon Lightning Spire         Summoning/Air                4
   f - Summon Ice Beast               Ice/Summoning                4
 J - a book of Frost

   Spells                             Type                      Level
   a - Freeze                         Ice                          1
   b - Throw Frost                    Conjuration/Ice              2
   c - Ozocubu's Armour               Charms/Ice                   3
   d - Throw Icicle                   Conjuration/Ice              4
   e - Summon Ice Beast               Ice/Summoning                4
Comestibles
 b - 8 bread rations
 w - 9 fruits
 A - a beef jerky
 B - a meat ration
 G - 11 chunks of flesh


   Skills:
 + Level 5.6 Fighting
 + Level 5.6 Dodging
 - Level 2.0 Stealth
 + Level 4.8 Shields
 + Level 7.7 Unarmed Combat


You had 8 spell levels left.
You didn't know any spells.

Dungeon Overview and Level Annotations

Branches:
Dungeon (7/15)             Temple (1/1) D:4

Altars:
Ashenzari
Dithmenos
Fedhas
Gozag
Hepliaklqana
Kikubaaqudgha
Makhleb
Nemelex Xobeh
Okawaru
Qazlal
Ru
Sif Muna
Trog
Xom
Yredelemnul
Zin

Shops:
D:5 =   D:6 ?


Innate Abilities, Weirdness & Mutations

You are too large for most types of armour.
You have claws for hands.
Your metabolism is lightning-fast.
You like to eat raw meat.
Your natural rate of healing is unusually fast.
You are covered in fur. (AC +1)
You have very tough skin. (AC +2)


Message History

The bolt of electricity hits you!
* * * LOW HITPOINT WARNING * * *
The electric eel shoots out a bolt of lightning at you!
The bolt of electricity hits you!
* * * LOW HITPOINT WARNING * * *
The electric eel shoots out a bolt of lightning at you!
The bolt of electricity misses you.
An electric eel comes into view.
The shop is a mimic!
The shop mimic snickers and vanishes in a puff of smoke!
The electric eel shoots out a bolt of lightning at you!
The bolt of electricity hits you!
* * * LOW HITPOINT WARNING * * *
You feel much better.
The electric eel shoots out a bolt of lightning at you!
The bolt of electricity hits you!
* * * LOW HITPOINT WARNING * * *
The electric eel shoots out a bolt of lightning at you!
The bolt of electricity hits you!
You die...

###.....#....#
#.....#....###≈.≈##
#.....#....##≈≈.≈≈##
###.....#...##≈≈...≈≈##
........#..##≈≈.≈.≈.≈≈##
......###.##≈≈.≈≈.≈≈.≈≈#
......# ##≈≈.≈≈≈.;≈≈.≈≈
[.....####≈≈.≈≈≈...≈≈≈.≈
........#≈≈.≈≈≈.@...≈≈≈.
#######.'..♣≈♣...§...♣≈♣
# ###≈≈.≈≈≈.....≈≈≈. #
##≈≈.††≈...≈;≈.≈ #
##≈≈.≈≈≈%≈≈≈.≈≈ #
##≈≈.≈≈.≈≈.≈≈# #
##≈≈.≈.≈.≈≈##
##≈≈...≈≈## ##≈≈.≈≈##


You could see 2 electric eels.

Vanquished Creatures
  Sigmund (D:2)
  The ghost of galech the Ruffian, an amateur TrMo (D:4)
  Menkaure (D:7)
  A water moccasin (D:6)
  A phantom (D:5)
  An ice beast (D:6)
  A necrophage (D:7)
  2 orc warriors
  A centaur (D:6)
  3 ogres
  A big kobold (D:7)
  Blork the orc (D:6)
  A gnoll sergeant (D:7)
  2 bullfrogs (D:6)
  5 scorpions
  A howler monkey (D:6)
  An electric eel (D:7)
  3 crimson imps
  A hound (D:7)
  2 orc priests
  Ijyb (D:2)
  Natasha (thrice) (D:4)
  4 orc wizards
  4 worker ants
  A hound zombie (D:7)
  A hound skeleton (D:4)
  Robin (D:1)
  11 adders
  A river rat (Sewer)
  2 oozes (D:3)
  An adder zombie (D:6)
  3 worms
  A dart slug (D:2)
  4 leopard geckos
  12 orcs
  6 giant cockroaches
  16 goblins
  9 hobgoblins
  3 jackals (D:2)
  12 kobolds
  7 ball pythons
  9 bats
  10 frilled lizards
  10 rats
163 creatures vanquished.

Notes
Turn   | Place    | Note
-------+----------+-------------------------------------------
     0 | D:1      | galech the Troll Monk began the quest for the Orb.
     0 | D:1      | Reached XP level 1. HP: 22/22 MP: 0/0
   178 | D:1      | Reached XP level 2. HP: 29/29 MP: 1/1
   652 | D:2      | Noticed Sigmund
   664 | D:2      | Noticed Robin
   788 | D:2      | Reached XP level 3. HP: 35/36 MP: 2/2
   862 | D:1      | Killed Robin
   889 | D:2      | HP: 1/36 [something (2)]
   967 | D:2      | Killed Sigmund
   967 | D:2      | Reached skill level 4 in Unarmed Combat
   967 | D:2      | Reached XP level 4. HP: 42/44 MP: 3/3
   967 | D:2      | Reached XP level 5. HP: 50/52 MP: 4/4
  1277 | D:2      | Noticed Ijyb
  1295 | D:2      | Killed Ijyb
  1295 | D:2      | Reached skill level 5 in Unarmed Combat
  1966 | D:3      | Reached XP level 6. HP: 61/61 MP: 5/5
  2282 | D:3      | Reached skill level 1 in Shields
  2293 | D:3      | Found a blossoming altar of Fedhas.
  2745 | D:4      | Found a staircase to the Ecumenical Temple.
  3059 | D:4      | Reached XP level 7. HP: 60/67 MP: 6/6
  3216 | D:4      | Found a glowing drain.
  3239 | Sewer    | Entered a sewer
  3660 | D:5      | Entered Level 5 of the Dungeon
  3759 | D:4      | Noticed Natasha
  3770 | D:4      | Killed Natasha
  3771 | D:4      | Noticed galech's ghost (amateur TrMo)
  3788 | D:4      | Killed galech's ghost
  3788 | D:4      | Reached skill level 6 in Unarmed Combat
  3882 | D:4      | Noticed Natasha
  3887 | D:4      | Killed Natasha
  4074 | D:4      | Noticed Natasha
  4079 | D:4      | Killed Natasha
  4087 | Temple   | Entered the Ecumenical Temple
  4126 | Temple   | Became a worshipper of Warmaster Okawaru
  4126 | Temple   | Reached * piety under Okawaru
  4126 | Temple   | Reached ** piety under Okawaru
  4455 | D:5      | Found Nusesh's Jewellery Shop.
  4487 | D:5      | Reached XP level 8. HP: 78/78 MP: 7/7
  5126 | D:6      | Found Gekeyhal's Magic Scroll Shoppe.
  5143 | D:6      | Bought a scroll of identify for 20 gold pieces
  5143 | D:6      | Bought a scroll of enchant armour for 75 gold pieces
  5153 | D:6      | Noticed Blork the orc
  5320 | D:6      | Reached *** piety under Okawaru
  5323 | D:6      | Reached skill level 5 in Dodging
  5323 | D:6      | Reached skill level 7 in Unarmed Combat
  5414 | D:6      | Reached skill level 5 in Fighting
  5545 | D:6      | Killed Blork the orc
  5562 | D:6      | Reached XP level 9. HP: 83/88 MP: 8/8
  5739 | D:7      | Noticed Menkaure
  5750 | D:7      | Killed Menkaure
  5862 | D:7      | Reached **** piety under Okawaru
  6017 | D:7      | Found Anacap's Weapon Emporium.
  6052 | D:7      | HP: 3/88 [electric eel/bolt of electricity (9)]
  6053 | D:7      | Killed from afar by an electric eel

Skill      XL: |  1  2  3  4  5  6  7  8 |
---------------+-------------------------+-----
Dodging        | 3 4 5 |  5.6
Unarmed Combat | 4 5 6 7 |  7.7
Stealth        | 2 |  2.0
Fighting       | 3 4 5 |  5.6
Shields        | 1 3 4 |  4.8

Action                   |  1- 3 |  4- 6 |  7- 9 || total
-------------------------+-------+-------+-------++-------
Melee: Unarmed           |    78 |   118 |   322 ||   518
       Punch             |     1 |     2 |       ||     3
Invok: Heroism           |       |       |     3 ||     3
  Use: Scroll            |       |     4 |     7 ||    11
       Potion            |       |       |     1 ||     1
 Stab: Sleeping          |     5 |     5 |     5 ||    15
       Distracted        |       |       |     2 ||     2
  Eat: Chunk             |     7 |    20 |    30 ||    57
       Meat ration       |       |     1 |       ||     1
Armor: Robe              |    24 |    23 |    41 ||    88
Dodge: Dodged            |    43 |    38 |    95 ||   176
Block: Shield            |       |    18 |   113 ||   131
